Unix NetHack Version 3.7.0-101 Work-in-progress - last build Mar 25 2024 11:18:41 (462964f8eaac915e699fc3a71b43428251fec12b,branch:master). Game began 2024-03-30 10:59:08, ended 2024-03-30 12:13:36. elenmirie, neutral female gnomish Archeologist -------- ----------- |...)...###### |.........| -+--- #|....(.| |..........######....| #|.......# |.........| |....######-------- #|......|########-.........| |...| #.......| ###-......| #|.........| ----- |>.....| # #|......-########----------- #.......| ########------.- #|......| -------### # ###.......| |.....|## # ###-------- |.....|# # # |.....|# # ####0 |.....-# #### # |...:.| ## # |..@.>.### ## # ------- ####---.------- ### #.).<......-########################### |..{......| ----------- Elenmirie the Field Worker St:12 Dx:12 Co:12 In:13 Wi:18 Ch:9 Neutral Dlvl:4 $:64 HP:0(36) Pw:27(27) AC:7 Xp:4/102 T:2086 Latest messages: The rothe hits! The rothe just misses! The rothe bites! You climb up the stairs. What do you want to use or apply? [aegitw or ?*] w You stop searching. In what direction? l Snap! What do you want to ready? [$hjo or ?*] ? h - 11 darts (at the ready). In what direction? l The dart hits the rothe. In what direction? l The dart hits the rothe. You miss the rothe. The rothe hits! The rothe bites! The rothe bites again! You lash the rothe. The rothe hits! The rothe bites! The rothe bites again! You kill the rothe! There is a doorway here. You see here a rothe corpse. There is a rothe corpse here; eat it? [ynq] (n) y This rothe corpse is stringy. You finish eating the rothe corpse. h - a dart (at the ready) (10 in total). You see here a mace. You stop searching. You lash the iguana. The iguana bites! You miss the iguana. The iguana bites! You miss the iguana. You miss the iguana. The iguana bites! You lash the iguana. You miss the iguana. The iguana bites! You miss the iguana. You miss the iguana. The iguana bites! You die... Do you want your possessions identified? [ynq] (y) y Do you want to see your attributes? [ynq] (y) y Do you want an account of creatures vanquished? [ynaq] (y) y Do you want to see your conduct and achievements? [ynq] (y) y Do you want to see the dungeon overview? [ynq] (y) y Inventory: Coins $ - 64 gold pieces Amulets n - an uncursed amulet of reflection (being worn) Weapons j - 6 blessed +1 darts h - 10 uncursed +0 darts (at the ready) o - an uncursed +0 dagger a - an uncursed +2 bullwhip (weapon in right hand) Armor c - an uncursed +0 fedora r - an uncursed +0 orcish helm (being worn) l - an uncursed +0 alchemy smock with text "Kiss the cook" (being worn) b - an uncursed +0 leather jacket (being worn) Comestibles d - 5 uncursed food rations Tools w - an uncursed sack containing 5 items i - an uncursed oil lamp e - an uncursed +0 pick-axe (alternate weapon; not wielded) t - an uncursed tinning kit (0:64) Gems/Stones k - an uncursed worthless piece of violet glass g - an uncursed touchstone Contents of the sack: an uncursed scroll of confuse monster a cursed scroll of magic mapping an uncursed scroll of teleportation an uncursed spellbook of detect monsters an uncursed potion of hallucination Elenmirie the Archeologist's attributes: Background: You were a Field Worker, a level 4 female gnomish Archeologist. You were neutral, nominally on a mission for Camaxtli who was opposed by Quetzalcoatl (lawful) and Huhetotl (chaotic). You were right-handed. You were in the Dungeons of Doom, on level 4. You entered the dungeon 2086 turns ago. You had 102 experience points, 58 more were needed to attain level 5. Basics: You had 0 out of 36 hit points. You had all 27 energy points (spell power). Your armor class was 7. Your wallet contained 64 zorkmids. Autopickup was on for '$' plus thrown. Final Characteristics: Your strength was 12 (limit:18/50). Your dexterity was 12 (limit:18). Your constitution was 12 (limit:18). Your intelligence was 13 (limit:19). Your wisdom was 18 (limit:18). Your charisma was 9 (limit:18). Final Status: You weren't hungry. You were unencumbered. You were wielding a whip. You had basic skill with whip. Final Attributes: You were devoutly aligned. You were poison resistant. You were acid resistant. Your items were protected from acid. You were telepathic. You had automatic searching. You had infravision. You were warded. You had reflection. You are dead. Miscellaneous: You never encountered a bones level. Total elapsed playing time was 55 minutes and 20 seconds. Major events: Turn 1: elenmirie the neutral female gnomish Archeologist entered the dungeon 1280: attained the rank of Field Worker (level 3) 1608: entered the Gnomish Mines 2086: killed by an iguana Vanquished creatures: a fog cloud a floating eye a homunculus 2 kobold leaders a rothe 2 dwarf zombies 4 iguanas a coyote a gas spore 2 manes 2 large kobolds a giant rat a gnome a gnome zombie 4 geckos 8 jackals a fox a kobold a goblin a sewer rat 3 grid bugs 2 bats 2 lichens 4 newts 48 creatures vanquished. No species were genocided or became extinct. Voluntary challenges: You were an atheist. You read items or engraved 2 times. You never engraved Elbereth. You never genocided any monsters. You never polymorphed an object. You never changed form. You used no wishes. Achievements: You attained the rank of Field Worker. You entered the Gnomish Mines. The Dungeons of Doom: levels 1 to 5 Level 1: A fountain. Level 2: Some fountains. Level 3: A fountain. Level 4: <- You were here. A fountain. Stairs down to The Gnomish Mines. Final resting place for you, killed by an iguana. Level 5: The Gnomish Mines: Level 5: Game over: ---------- / \ / REST \ / IN \ / PEACE \ / \ | elenmirie | | 64 Au | | killed by an | | iguana | | | | | | 2024 | *| * * * | * _________)/\\_//(\/(/\)/\//\/|_)_______ Goodbye elenmirie the Archeologist... You died in The Dungeons of Doom on dungeon level 4 with 666 points, and 64 pieces of gold, after 2086 moves. You were level 4 with a maximum of 36 hit points when you died.